 Dungeon Crawl Stone Soup version 0.29-a0-780-g652cadfb38 (webtiles) character file.

Game seed: 6749753480148315559

15 Gargoyl the Trooper (level 2, 0/28 HPs)
             Began as a Gargoyle Berserker on July 2, 2022.
             Was a Follower of Trog.
             Frozen to death by an endoplasm (4 damage)
             ... on level 1 of the Dungeon.
             The game lasted 00:00:31 (635 turns).

Gargoyl the Trooper (Gargoyle Berserker)             Turns: 635, Time: 00:00:31

Health: 0/28       AC:  5    Str: 20    XL:     2   Next: 50%
Magic:  2/2        EV: 12    Int:  7    God:    Trog [*.....]
Gold:   27         SH:  0    Dex:  9    Spells: 1/1 levels left

rFire   . . .      SeeInvis .   a - +0 hand axe
rCold   . . .      Faith    .   (no shield)
rNeg    + . .      Spirit   .   b - +0 animal skin
rPois   ∞          Reflect  .   (no helmet)
rElec   +          Harm     .   (no cloak)
rCorr   .          Rampage  .   (no gloves)
Will    .....                   (no boots)
Stlth   ..........              (no amulet)
HPRegen 0.09/turn               (no ring)
MPRegen 0.08/turn               (no ring)

@: berserking, very quick
A: sickness immunity, AC +2, negative energy resistance 1, electricity
resistance, torment resistance 1, petrification resistance
a: Renounce Religion, Berserk


You were on level 1 of the Dungeon.
You worshipped Trog.
Trog was aware of your devotion.
You visited 1 branch of the dungeon, and saw 1 of its levels.

You collected 27 gold pieces.

Inventory:

Hand Weapons
 a - a +0 hand axe (weapon)
Armour
 b - a +0 animal skin (worn)
Scrolls
 c - a scroll of identify {unknown}
 d - a scroll of teleportation {unknown}
 f - a scroll of magic mapping {unknown}
Potions
 e - a potion of attraction {unknown}


   Skills:
 + Level 3.6 Fighting
 + Level 3.0 Axes
 + Level 2.3 Armour
 + Level 1.7 Dodging


You had one spell level left.
You didn't know any spells.
Your spell library was empty.

Dungeon Overview and Level Annotations

Branches:
Dungeon (1/15)

Altars:


Innate Abilities, Weirdness & Mutations

You are immune to sickness and miasma.
Your stone body is resilient. (AC +2)
You are immune to poison.
You resist negative energy. (rN+)
You are resistant to electric shocks. (rElec)
You are resistant to unholy torment.
You are immune to petrification.


Message History

An endoplasm comes into view.
The kobold barely misses you.
Found a smoky inky potion.
The kobold hits you but does no damage.
The endoplasm quivers.
The bat hits you but does no damage. The kobold hits you with a +0 dagger.
Unknown command.
The bat closely misses you.
The endoplasm hits you but does no damage.
Unknown command.
You hit the endoplasm.
The endoplasm is severely wounded.
You closely miss the kobold. The endoplasm freezes you.
You are frozen.
The bat hits you but does no damage. The kobold hits you with a +0 dagger.
The endoplasm hits you. The kobold misses you.
You hit the endoplasm.
You kill the endoplasm!
Trog accepts your kill.
You hit the endoplasm. You barely miss the kobold.
The bat hits you but does no damage. The kobold closely misses you.
The endoplasm freezes you.
You are frozen.
Your Axes skill increases to level 3!
The bat barely misses you. The endoplasm freezes you.
You are frozen.
* * * LOW HITPOINT WARNING * * *
A red film seems to cover your vision as you go berserk!
You feel yourself moving faster!
You feel mighty! The bat closely misses you. The bat hits you.
* * * LOW HITPOINT WARNING * * *
The kobold closely misses you. The endoplasm barely misses you.
You completely miss the endoplasm. You barely miss the bat. You hit the kobold.
You kill the kobold!
Trog accepts your kill. The bat barely misses you. The endoplasm freezes you.
You are frozen.
You die...

#..........#.###....#
8...#...####.###....#
#...>...†............
#....####...######.#..
#....####...######
8....#..[.........
#....#............
#........).[b.....
......J@.......
.........).....
...............
.....#...##....
!....#...# ####
######...# #...# #...#


You could see an endoplasm and a bat.

Vanquished Creatures
  An endoplasm (D:1)
  4 jackals (D:1)
  3 kobolds (D:1)
  A quokka (D:1)
  3 ball pythons (D:1)
  2 frilled lizards (D:1)
  A rat (D:1)
15 creatures vanquished.

Notes
Turn   | Place    | Note
-------+----------+-------------------------------------------
     0 | D:1      | Gargoyl the Gargoyle Berserker began the quest for the Orb.
     0 | D:1      | Reached XP level 1. HP: 14/14 MP: 1/1
   560 | D:1      | Reached XP level 2. HP: 16/19 MP: 2/2
   635 | D:1      | Frozen to death by an endoplasm

Illustrated notes

Levels and vault maps discovered:
D:1:      amcnicky_arrival_wind_blow, layout_basic, serial_corexii_hall,
          corexii_hall_statues_s, chequers_hall_statues_wall_a,
          chequers_hall_statues_y, corexii_hall_statues_i

Skill      XL: |  1  2 |
---------------+-------+-----
Axes           | 3 |  3.0
Fighting       | |  3.6
Armour         | |  2.3
Dodging        | |  1.7

Action                   || total
-------------------------++-------
Melee: Hand axe          ||    35
       Punch             ||     1
Invok: Berserk           ||     1
Armor: Animal skin       ||    17
Dodge: Dodged            ||    48

Table legend: (Time is in decaauts)
 A = Elapsed time spent in this place.
 B = Non-inter-level travel time spent in this place.
 C = Inter-level travel time spent in this place.
 D = Time resting spent in this place.
 E = Time spent auto-exploring this place.
 F = Levels seen in this place.
 G = Mean time per level.
                   A        B        C        D        E       F      G
               +--------+--------+--------+--------+--------+-----+--------+
         Total |    640 |    640 |      0 |      0 |    525 |   1 |  640.0 |
       Dungeon |    640 |    640 |      0 |      0 |    525 |   1 |  640.0 |
               +--------+--------+--------+--------+--------+-----+--------+

Top non-repeatable levels by time:
     D:1: 640 daAuts
